AoeStats
← The Red-Shanked Duke

Arabian Desert

509668459Analyzed
1v1 RM · 4d ago on Sep 27, 2026· 33m 14s· 2 players
Game mode
Random Map
Map size
Tiny (2 player)
Population
200
Speed
Normal
Resources
Standard
Victory
Conquest
Starting age
Dark Age
Ending age
Imperial Age
RankedLock teamsTeams togetherTeam positionsShared explorationLock speedFull tech treeHidden civsTurbo modeCheats
Victory
Defeat
🇦🇷 Berbers · Argentina
1145
+15
🇮🇪 Berbers · Ireland
1134
-15
Manutenra
6:09 Loom
9:35 Feudal Age
13:59 Double-Bit Axe
19:51 Forging
19:48 Scale Barding Armor
22:21 Castle Age
20:37 Horse Collar
28:10 Chain Barding Armor
28:26 Iron Casting
28:56 Bow Saw
29:32 Bloodlines
29:23 Husbandry
29:36 Husbandry
32:27 Imperial Age
31:44 Heavy Plow
32:59 Bloodlines
32:34 Heavy Camel Rider
The Red-Shanked Duke
7:33 Loom
9:56 Feudal Age
10:36 Double-Bit Axe
11:31 Horse Collar
15:35 Forging
19:01 Gold Mining
23:17 Castle Age
22:44 Bloodlines
23:50 Scale Barding Armor
24:38 Husbandry
25:03 Chain Barding Armor
26:18 Wheelbarrow
27:43 Iron Casting
28:51 Fletching
31:42 Stone Mining
Connection lost

Rejoining the realm…

Still unreachable

The connection could not be restored.

Session expired

The server has moved on; the page needs a fresh start.